 Dungeon Crawl Stone Soup version 0.27.1-2-g3b301248ec (webtiles) character file.

Game seed: 13771440925966624186

131 Descartes the Shooter (level 4, -2/27 HPs)
             Began as a Deep Elf Wanderer on Oct 3, 2021.
             Slain by a shadow imp (4 damage)
             ... summoned by Natasha
             ... on level 2 of the Dungeon.
             The game lasted 00:05:30 (2979 turns).

Descartes the Shooter (Deep Elf Wanderer)           Turns: 2979, Time: 00:05:31

Health: -2/27      AC:  2    Str: 10    XL:     4   Next: 91%
Magic:  8/8        EV: 12    Int: 17    God:
Gold:   74         SH:  0    Dex: 14    Spells: 4/6 levels left

rFire    . . .     SeeInvis .   b - +0 rapier
rCold    . . .     Faith    .   (no shield)
rNeg     . . .     Spirit   .   e - +0 robe
rPois    .         Reflect  .   (no helmet)
rElec    .         Harm     .   (no cloak)
rCorr    +         Rampage  .   (no gloves)
Will     .....                  (no boots)
Stlth    +++.......             (no amulet)
HPRegen  0.09/turn              m - ring of resist corrosion
MPRegen  0.11/turn              (no ring)

@: slowed, very slow
A: no striking features
a: no special abilities


You were on level 2 of the Dungeon.
You visited 1 branch of the dungeon, and saw 2 of its levels.

You collected 74 gold pieces.

Inventory:

Hand Weapons
 a - a +2 shortbow
 b - a +0 rapier (weapon)
 f - a +0 hunting sling
 h - a +0 hunting sling
Missiles
 g - 133 stones (quivered)
 i - 48 arrows
 n - 16 sling bullets
 s - 20 bolts
Armour
 e - a +0 robe (worn)
Jewellery
 m - a ring of resist corrosion (left hand)
Scrolls
 k - 2 scrolls of identify {unknown}
 o - a scroll of fog {unknown}
Potions
 c - a potion of resistance {unknown}
 d - a potion of lignification
 j - a potion of degeneration {unknown}
 l - a potion of invisibility {unknown}
 p - a potion of brilliance {unknown}
 q - a potion of heal wounds {unknown}
 r - a potion of cancellation {unknown}


   Skills:
 - Level 2.4 Fighting
 - Level 1.0 Long Blades
 + Level 4.2 Bows
 - Level 1.0 Throwing
 - Level 1.0 Armour
 + Level 2.5 Dodging
 + Level 3.9 Stealth
 + Level 1.7 Spellcasting
 + Level 1.4 Translocations


You had 4 spell levels left.
You knew the following spells:

 Your Spells              Type           Power      Damage    Failure   Level
a - Blink                 Tloc           N/A        N/A       17%         2

Your spell library contained the following spells:

 Spells                   Type           Power      Damage    Failure   Level
 Summon Small Mammal      Summ           4%         N/A       21%         1
 Lesser Beckoning         Tloc           3%         N/A       32%         3
 Call Canine Familiar     Summ           1%         N/A       52%         3
 Summon Guardian Golem    Hex/Summ       1%         N/A       52%         3
 Manifold Assault         Tloc           6%         N/A       97%         5


Dungeon Overview and Level Annotations

Branches:
Dungeon (2/15)

Altars:

Annotations:
D:2 Natasha


Message History

You shoot an arrow. The arrow closely misses Natasha.
Natasha misses you.
You shoot an arrow. The arrow misses Natasha.
Natasha barely misses you. x2
You shoot an arrow. The arrow closely misses Natasha.
Natasha claws you. Natasha claws you!
You shoot an arrow. The arrow barely misses Natasha.
Natasha misses you.
b - a +0 rapier (weapon)
Natasha casts a spell at you. The magic dart hits you!
You are too injured to fight recklessly!
You are too injured to fight recklessly!
You are too injured to fight recklessly!
You hit Natasha.
Natasha is lightly wounded.
Natasha stares at you and mumbles some strange words.
You feel as though you will be slow longer.
Natasha barely misses you.
You hit Natasha.
Natasha is moderately wounded.
Natasha barely misses you.
You hit Natasha but do no damage.
Natasha is moderately wounded.
Natasha casts a spell.
Natasha barely misses you.
You hit Natasha.
Natasha is severely wounded.
Natasha casts a spell at you.
You feel as though you will be slow longer.
Natasha misses you.
You closely miss Natasha.
Natasha is severely wounded.
Natasha claws you.
* * * LOW HITPOINT WARNING * * *
The shadow imp closely misses you. Natasha casts a spell at you.
The magic dart hits you.
* * * LOW HITPOINT WARNING * * *
You hit Natasha.
Natasha is almost dead.
The shadow imp misses you. Natasha barely misses you. The shadow imp hits you.
You die...

#.>...###....# #.........#.....#
#......##....######......#.....#
#......##..†.....<#......#....)#
#...)..##....###.÷#......#.....##
#......#########..#......#.......
#......'..#.......#......#......#
#......##.#.####.###.....##'#+#.#
#......##.#.####.5.......##.#.#.#
................@h.....(.........
#.######....#..........#.####.#..
......##.......######.##.####.###
#####.##.##.#..# #........)..#
#...........# #######.#####..#
#.#.#.##....# #.# #.#<..#...
##.#.#.......# #.# #h#.#.#.##
#.....##.....###.# #.#...#...
#..........l.5...# #.#.###...


You could see Natasha and a shadow imp (summoned).

Vanquished Creatures
  Natasha (D:2)
  2 gnolls
  2 adders (D:2)
  A worm (D:2)
  2 dart slugs
  11 endoplasms
  A giant cockroach (D:2)
  2 goblins
  6 hobgoblins
  5 jackals
  7 kobolds
  A quokka (D:2)
  5 ball pythons
  4 bats (D:1)
  3 frilled lizards
  7 rats (D:1)
60 creatures vanquished.

Notes
Turn   | Place    | Note
-------+----------+-------------------------------------------
     0 | D:1      | Descartes the Deep Elf Wanderer began the quest for the
                  | Orb.
     0 | D:1      | Descartes set off with the following items: a +2 shortbow,
                  | 23 arrows, a +0 falchion, a potion of lignification, a +0
                  | robe, a +0 dagger
     0 | D:1      | Reached XP level 1. HP: 13/13 MP: 3/3
   185 | D:1      | Reached skill level 3 in Bows
   208 | D:1      | Reached skill level 1 in Dodging
   208 | D:1      | Reached XP level 2. HP: 15/18 MP: 4/4
  1035 | D:1      | Reached XP level 3. HP: 22/22 MP: 5/5
  1038 | D:1      | Learned a level 2 spell: Blink
  1420 | D:2      | Found a faded altar of an unknown god.
  1564 | D:2      | Reached skill level 1 in Spellcasting
  1659 | D:2      | Reached XP level 4. HP: 27/27 MP: 7/7
  1676 | D:2      | Reached skill level 1 in Translocations
  2141 | D:2      | Noticed Natasha
  2626 | D:1      | Reached skill level 4 in Bows
  2727 | D:2      | Killed Natasha
  2964 | D:2      | Noticed Natasha
  2979 | D:2      | Slain by a shadow imp

Illustrated notes

Levels and vault maps discovered:
D:1:      co_arrival_random_square_maze, layout_basic, minmay_surrounded
D:2:      layout_basic, hellmonk_ecumenical_altar_heavens_door, uniq_natasha

Skill      XL: |  1  2  3  4 |
---------------+-------------+-----
Bows           | 3 4 |  4.2
Dodging        | 1 2 |  2.5
Stealth        | 3 |  3.9
Spellcasting   | 1 |  1.7
Translocations | 1 |  1.4
Fighting       | |  2.4
Long Blades    | |  1.0
Throwing       | |  1.0
Armour         | |  1.0

Action                   |  1- 3 |  4- 6 || total
-------------------------+-------+-------++-------
Melee: Rapier            |    22 |    11 ||    33
 Fire: Shortbow          |   101 |    55 ||   156
Armor: Robe              |    13 |     4 ||    17
Dodge: Dodged            |    35 |    35 ||    70
